 Seeded DCSS version 0.27-a0-95-g5a9077b8ae (webtiles) character file.

Game seed: 5125158891462947277 (custom seed)

649 tacoguy the Covered (level 7, -6/61 HPs)
             Began as a Minotaur Fighter on Jan 19, 2021.
             Mangled by an iguana (9 damage)
             ... on level 5 of the Dungeon.
             The game lasted 00:10:10 (3747 turns).

tacoguy the Covered (Minotaur Fighter)              Turns: 3747, Time: 00:10:11

Health: -6/61      AC:  9    Str: 23    XL:     7   Next: 28%
Magic:  6/6        EV: 10    Int:  5    God:
Gold:   328        SH: 10    Dex:  9    Spells: 6/6 levels left

rFire    . . .     SeeInvis .   a - +0 war axe
rCold    + . .     Faith    .   c - +0 kite shield
rNeg     . . .     Spirit   .   m - +2 ring mail {rC+}
rPois    .         Reflect  .   (helmet restricted)
rElec    .         Harm     .   (no cloak)
rCorr    .         Rampage  .   o - +0 pair of gloves
Will     .....                  (no boots)
Stlth    ..........             (no amulet)
HPRegen  0.20/turn              (no ring)
MPRegen  0.10/turn              (no ring)

@: no status effects
A: retaliatory headbutt, horns 2
a: no special abilities


You were on level 5 of the Dungeon.
You visited 1 branch of the dungeon, and saw 5 of its levels.

You collected 328 gold pieces.

Inventory:

Hand Weapons
 a - a +0 war axe (weapon)
Armour
 c - a +0 kite shield (worn)
 m - a +2 ring mail of cold resistance (worn)
 o - a +0 pair of gloves (worn)
Magical Staves
 q - an uncursed staff of air
Scrolls
 e - a scroll of magic mapping {unknown}
 f - 3 scrolls of remove curse {unknown}
 g - a scroll of random uselessness {unknown}
 h - a scroll of enchant armour {unknown}
 i - 5 scrolls of identify {unknown}
 p - 3 scrolls of teleportation {unknown}
 s - a scroll of immolation {unknown}
Potions
 b - a potion of heal wounds {unknown}
 d - a potion of might
 j - a potion of mutation {unknown}
 k - 2 potions of haste {unknown}
 l - a potion of berserk rage {unknown}
 n - a potion of flight {unknown}
 r - 2 potions of attraction {unknown}


   Skills:
 + Level 5.5 Fighting
 + Level 4.7 Axes
 + Level 5.7 Armour
 + Level 3.4 Dodging
 + Level 5.5 Shields


You had 6 spell levels left.
You didn't know any spells.
Your spell library contained the following spells:

 Spells                   Type           Power        Failure   Level
 Beastly Appendage        Tmut           0%           95%         1
 Wereblood                Tmut           0%           99%         2
 Spider Form              Tmut/Pois      0%           100%        3
 Ice Form                 Ice/Tmut       0%           100%        4
 Blade Hands              Tmut           0%           100%        5


Dungeon Overview and Level Annotations

Branches:
Dungeon (5/15)             Temple (0/1) D:5

Altars:
Cheibriados
Vehumet
Zin


Innate Abilities, Weirdness & Mutations

You reflexively headbutt those who attack you in melee.
You have a pair of horns on your head.


Message History

The iguana bites you.
* * * LOW HITPOINT WARNING * * *
You barely miss the iguana. You headbutt the iguana.
The iguana is lightly wounded.
You block the iguana's attack.
The jelly jiggles.
The iguana barely misses you.
You hit the iguana but do no damage.
The iguana is lightly wounded.
The adder closely misses you. You block the iguana's attack.
You barely miss the iguana. Your headbutt misses the iguana.
The iguana is lightly wounded.
You hit the adder. You block the adder's attack. The iguana bites you!
* * * LOW HITPOINT WARNING * * *
The adder closely misses you.
You barely miss the iguana.
The iguana is lightly wounded.
You hit the adder but do no damage. The iguana barely misses you.
The adder bites you but does no damage. The iguana bites you!
You die...

.............♣♣P≈P≈≈P♣
.##...##......≈♣≈≈≈≈≈≈P≈
.......J....♣≈♣P≈≈≈≈≈..P
..###.###...♣≈P≈≈..≈....
..#w#_#w#.............).
..#######.........≈..≈))
#...#w#.......P≈≈..≈≈≈≈≈
#...###S...###♣≈≈≈≈≈P≈P≈
#.....l@..## #♣≈P≈≈≈≈≈≈
########### #♣P≈≈≈≈≈≈
#PPP≈≈P≈≈ #≈≈≈≈P≈≈≈
##♣♣♣♣♣♣#


You could see 3 torpor snails, an iguana, a jelly and an adder.

Vanquished Creatures
  2 ogres
  A scorpion (D:4)
  2 hounds
  An orc priest (D:5)
  6 orc wizards
  2 worker ants
  A hound skeleton (D:5)
  4 adders
  5 leopard geckos
  9 orcs
  4 giant cockroaches
  8 goblins
  7 hobgoblins
  3 jackals (D:3)
  9 kobolds
  5 quokkas
  A ball python (D:3)
  4 bats
  5 frilled lizards
  4 rats
83 creatures vanquished.

Vanquished Creatures (others)
  2 plants (D:5)
  5 toadstools (D:1)
7 creatures vanquished.

Grand Total: 90 creatures vanquished

Notes
Turn   | Place    | Note
-------+----------+-------------------------------------------
     0 | D:1      | tacoguy the Minotaur Fighter began the quest for the Orb.
     0 | D:1      | Reached XP level 1. HP: 19/19 MP: 0/0
   289 | D:1      | Reached XP level 2. HP: 21/27 MP: 1/1
   762 | D:2      | Reached XP level 3. HP: 28/33 MP: 2/2
   961 | D:2      | Found a faded altar of an unknown god.
  1326 | D:2      | Noticed an ogre
  1335 | D:2      | Reached skill level 1 in Dodging
  1454 | D:3      | Reached XP level 4. HP: 40/40 MP: 3/3
  1533 | D:3      | Found a radiant altar of Vehumet.
  1765 | D:3      | Reached XP level 5. HP: 17/47 MP: 4/4
  2049 | D:3      | You fall into a shaft and drop 1 floor!
  2121 | D:4      | Noticed an ogre
  2131 | D:4      | Killed an ogre
  2132 | D:4      | Reached skill level 5 in Armour
  2348 | D:4      | Reached XP level 6. HP: 55/55 MP: 5/5
  2463 | D:4      | Reached skill level 5 in Fighting
  2463 | D:4      | Reached skill level 5 in Shields
  2980 | D:3      | Found a glowing silver altar of Zin.
  3487 | D:5      | Entered Level 5 of the Dungeon
  3494 | D:5      | Reached XP level 7. HP: 61/61 MP: 6/6
  3505 | D:5      | Found a staircase to the Ecumenical Temple.
  3736 | D:5      | Noticed a torpor snail
  3738 | D:5      | Found a snail-covered altar of Cheibriados.
  3738 | D:5      | Noticed a torpor snail
  3740 | D:5      | Noticed a torpor snail
  3746 | D:5      | HP: 3/61 [iguana (10)]
  3747 | D:5      | Mangled by an iguana

Illustrated notes

Levels and vault maps discovered:
D:1:      dpeg_arrival_pits, layout_rooms, minmay_misc_feat_secret_circle,
          minmay_gold_behind_fungi, minmay_surrounded
D:2:      layout_basic, chequers_ecumenical_altar_island, lightli_corner_chamber
D:3:      layout_basic, zin_academy, vehumet_crystals, bh_walls_and_bars
D:4:      layout_basic
D:5:      wander_river, layout_gridville, cheibriados_altar_2,
          minmay_temple_entry_statues_fountains, gup_sewer_entry_spiral,
          serial_bayou_ford_a, chequers_serial_rivers_small_3,
          minmay_fire_ice_demons

Skill      XL: |  1  2  3  4  5  6 |
---------------+-------------------+-----
Armour         | 4 5 |  5.7
Fighting       | 4 5 |  5.5
Shields        | 4 5 |  5.5
Dodging        | 1 2 3 |  3.4
Axes           | 3 4 |  4.7

Action                   |  1- 3 |  4- 6 |  7- 9 || total
-------------------------+-------+-------+-------++-------
Melee: War axe           |    67 |    90 |    33 ||   190
       Headbutt          |    10 |    10 |     7 ||    27
Armor: Scale mail        |    25 |       |       ||    25
       Ring mail         |     6 |    30 |    16 ||    52
Dodge: Dodged            |    27 |    37 |    20 ||    84
Block: Kite shield       |    40 |    58 |    24 ||   122

Table legend: (Time is in decaauts)
 A = Elapsed time spent in this place.
 B = Non-inter-level travel time spent in this place.
 C = Inter-level travel time spent in this place.
 D = Time resting spent in this place.
 E = Time spent auto-exploring this place.
 F = Levels seen in this place.
 G = Mean time per level.
                   A        B        C        D        E       F      G
               +--------+--------+--------+--------+--------+-----+--------+
         Total |   3825 |   3579 |    246 |    331 |   2693 |   5 |  765.0 |
       Dungeon |   3825 |   3579 |    246 |    331 |   2693 |   5 |  765.0 |
               +--------+--------+--------+--------+--------+-----+--------+

Top non-repeatable levels by time:
     D:3: 1169 daAuts
     D:4: 946 daAuts
     D:2: 837 daAuts
     D:1: 598 daAuts
     D:5: 273 daAuts
